 Dungeon Crawl Stone Soup version 0.27.1-33-g824d729ab1 (webtiles) character file.

Game seed: 12700217718998472313

154 bellerephron the Slasher (level 5, -1/39 HPs)
             Began as a Demonspawn Gladiator on Nov 27, 2021.
             Succumbed to an orc wizard's poison
             ... on level 3 of the Dungeon.
             The game lasted 00:03:53 (2660 turns).

bellerephron the Slasher (Demonspawn Gladiator)     Turns: 2660, Time: 00:03:54

Health: -1/39      AC:  4    Str: 15    XL:     5   Next: 13%
Magic:  5/5        EV: 12    Int: 10    God:
Gold:   141        SH:  4    Dex: 16    Spells: 4/4 levels left

rFire    . . .     SeeInvis .   a - +0 long sword
rCold    . . .     Faith    .   n - +0 buckler
rNeg     . . .     Spirit   .   b - +0 leather armour
rPois    .         Reflect  .   c - +0 helmet
rElec    .         Harm     .   (no cloak)
rCorr    .         Rampage  .   (no gloves)
Will     .....                  (no boots)
Stlth    ++........             w - amulet of the acrobat
HPRegen  0.13/turn              (no ring)
MPRegen  0.09/turn              (no ring)

@: lethally poisoned (-1 -> -11), flying
A: talons 1, thin skeletal structure 1
a: no special abilities


You were on level 3 of the Dungeon.
You visited 1 branch of the dungeon, and saw 3 of its levels.

You collected 141 gold pieces.

Inventory:

Hand Weapons
 a - a +0 long sword (weapon)
Missiles
 d - 3 throwing nets
 m - 59 stones
 p - 3 atropa-tipped darts
 q - 17 poisoned darts (quivered)
Armour
 b - a +0 leather armour (worn)
 c - a +0 helmet (worn)
 n - a +0 buckler (worn)
Jewellery
 w - an amulet of the acrobat (around neck)
Scrolls
 f - a scroll of identify {unknown}
 g - a scroll of holy word {unknown}
 i - a scroll of enchant armour {unknown}
 j - 2 scrolls of vulnerability {unknown}
 k - a scroll of silence {unknown}
 o - a scroll of summoning {unknown}
 r - a scroll of amnesia {unknown}
 s - a scroll of torment {unknown}
 v - a scroll of immolation {unknown}
Potions
 e - 2 potions of lignification {unknown}
 h - a potion of brilliance {unknown}
 l - 2 potions of magic {unknown}
 t - a potion of flight
 u - a potion of berserk rage {unknown}


   Skills:
 + Level 2.6 Fighting
 + Level 3.9 Long Blades
 + Level 2.0 Throwing
 + Level 1.5 Armour
 - Level 3.1 Dodging
 * Level 1.3 Shields


You had 4 spell levels left.
You didn't know any spells.
Your spell library contained the following spells:

 Spells                   Type           Power      Damage    Failure   Level
 Animate Skeleton         Necr           0%         N/A       54%         1
 Apportation              Tloc           0%         N/A       54%         1
 Corona                   Hex            0%         N/A       54%         1
 Summon Small Mammal      Summ           0%         N/A       54%         1


Dungeon Overview and Level Annotations

Branches:
Dungeon (3/15)

Altars:

Shops:
D:1 (


Innate Abilities, Weirdness & Mutations

You have sharp toenails.
You have a somewhat thin skeletal structure. (Dex +2, Stealth+)


Message History

You hit something but do no damage. You claw something. Something hits you.
The frilled lizard barely misses you.
You riposte.
You hit the frilled lizard.
You kill the frilled lizard!
Unknown command.
You closely miss something. Your kick misses something.
The orc wizard casts a spell.
The orc wizard flickers and vanishes!
Unknown command.
Unknown command.
You closely miss something. Something hits you.
You hit something but do no damage. Your kick misses something.
Something hits you but does no damage.
You barely miss something. Something hits you.
* * * LOW HITPOINT WARNING * * *
You barely miss something. Something hits you but does no damage.
Your shield and leather armour prevent you from hitting something.
Something hits you.
* * * LOW HITPOINT WARNING * * *
You barely miss something. You claw something.
Unknown command.
You slash something! You claw something. You slash the orc!
You kill the orc!
Something hits you.
* * * LOW HITPOINT WARNING * * *
You barely miss something. Something hits you.
* * * LOW HITPOINT WARNING * * *
You miss something. You claw something.
Reactivating autopickup.
You feel a bit more experienced. Something hits you.
* * * LOW HITPOINT WARNING * * *
You are lethally poisoned!
Deactivating autopickup; reactivate with Ctrl-A.
You have reached level 5!
Your demonic ancestry asserts itself...
Your bones become slightly less dense.
It was a potion of flight.
You feel very buoyant.
You fly up into the air.
You die...

........# #### ........#
####..# ........#
####.#.#.# ........#
####.#..#...#
........####.#...#...#.#
.<........†.†..#...#....
######.####.#...#...#.#
#†# ####.#..#...# #@#
####.#.#.# #)# ####..#
#.# #### #.# ..# ..# ..#
...#


There were no monsters in sight!

Vanquished Creatures
  An orc priest (D:3)
  A bullfrog skeleton (D:3)
  An orc wizard (D:3)
  2 adders (D:2)
  2 worms
  A dart slug (D:3)
  2 orcs (D:3)
  7 bats
  4 endoplasms
  5 giant cockroaches
  5 goblins
  A hobgoblin (D:3)
  2 kobolds
  5 quokkas
  A ball python (D:3)
  3 frilled lizards
  A rat (D:2)
44 creatures vanquished.

Notes
Turn   | Place    | Note
-------+----------+-------------------------------------------
     0 | D:1      | bellerephron the Demonspawn Gladiator began the quest for
                  | the Orb.
     0 | D:1      | Reached XP level 1. HP: 16/16 MP: 1/1
   264 | D:1      | Gained mutation: You have sharp toenails. [demonic
                  | ancestry]
   264 | D:1      | Reached XP level 2. HP: 21/22 MP: 2/2
   730 | D:1      | Found Pohesmoc's Antique Weapon Emporium.
  1394 | D:2      | Reached XP level 3. HP: 27/27 MP: 3/3
  2058 | D:3      | Reached skill level 1 in Armour
  2058 | D:3      | Reached skill level 1 in Shields
  2058 | D:3      | Reached XP level 4. HP: 27/34 MP: 4/4
  2659 | D:3      | HP: 1/34 [something (3)]
  2660 | D:3      | Gained mutation: You have a somewhat thin skeletal
                  | structure. (Dex +2, Stealth+) [demonic ancestry]
  2660 | D:3      | Reached XP level 5. HP: 1/39 MP: 5/5
  2660 | D:3      | Succumbed to an orc wizard's poison

Illustrated notes

Levels and vault maps discovered:
D:1:      amcnicky_arrival_wind_blow, layout_basic, serial_shops,
          nicolae_shop_statue_plus
D:2:      layout_loops_ring
D:3:      minmay_spotlight, layout_basic, shapermc_ecumenical_altar_notcrosses

Skill      XL: |  1  2  3  4 |
---------------+-------------+-----
Dodging        | 3 |  3.1
Long Blades    | 3 |  3.9
Armour         | 1 |  1.5
Shields        | 1 |  1.3
Throwing       | 2 |  2.0
Fighting       | |  2.6

Action                   |  1- 3 |  4- 6 || total
-------------------------+-------+-------++-------
Melee: Long sword        |    78 |    43 ||   121
       Kick              |    15 |     9 ||    24
Throw: Dart              |     9 |       ||     9
  Use: Potion            |       |     1 ||     1
 Stab: Sleeping          |     2 |       ||     2
Armor: Leather armour    |    30 |    10 ||    40
Dodge: Dodged            |    52 |    18 ||    70
Block: Buckler           |     7 |     5 ||    12
       Rpst.: Long sword |    16 |     5 ||    21
